 Dungeon Crawl Stone Soup version 0.28-a0-706-gf6f64a616a (webtiles) character file.

Game seed: 11305850050867027836

622 frimble the Skirmisher (level 7, 0/39 (55) HPs)
             Began as a Demonspawn Fire Elementalist on Oct 24, 2021.
             Slain by a centaur (1 damage)
             ... on level 9 of the Dungeon.
             The game lasted 00:06:54 (6194 turns).

frimble the Skirmisher (DsFE)                       Turns: 6194, Time: 00:06:54

HP:   0/39 (55)     AC:  2    Str:  6 (9)  XL:     7   Next: 22%
MP:   11/11         EV: 12    Int: 15 (18) God:
Gold: 270           SH:  0    Dex: 11 (13) Spells: 8/12 levels left

rFire   . . .      SeeInvis .   b - +2 dagger (venom)
rCold   . . .      Faith    .   (no shield)
rNeg    . . .      Spirit   .   a - +0 robe
rPois   .          Reflect  .   (no helmet)
rElec   .          Harm     .   h - scarf {+Inv}
rCorr   .          Rampage  .   (no gloves)
Will    .....                   (no boots)
Stlth   ++........              (no amulet)
HPRegen 0.13/turn               (no ring)
MPRegen 0.12/turn               (no ring)

@: very heavily drained
A: spiny 2, demonic touch 1
a: Evoke Invisibility


You were on level 9 of the Dungeon.
You visited 1 branch of the dungeon, and saw 7 of its levels.

You collected 270 gold pieces.

Inventory:

Hand Weapons
 b - a +2 dagger of venom (weapon)
Armour
 a - a +0 robe (worn)
 e - a +0 cloak
 h - a scarf of invisibility (worn)
Jewellery
 j - a ring of see invisible
 n - a ring of ice
Scrolls
 c - 3 scrolls of noise {unknown}
 i - a scroll of vulnerability {unknown}
 k - a scroll of identify
 m - a scroll of fear {unknown}
 o - a scroll of amnesia {unknown}
 q - a scroll of teleportation {unknown}
Potions
 d - 2 potions of curing
 g - a potion of invisibility {unknown}
 l - 2 potions of flight {unknown}
 p - a potion of brilliance {unknown}


   Skills:
 + Level 4.9 Fighting
 - Level 1.7 Dodging
 - Level 1.7 Stealth
 - Level 3.0 Spellcasting
 - Level 4.0 Conjurations
 - Level 3.0 Fire Magic
 - Level 2.7 Evocations


You had 8 spell levels left.
You knew the following spells:

 Your Spells              Type           Power      Damage    Failure   Level
a - Foxfire               Conj/Fire      48%        2x1d6     4%          1
b - Inner Flame           Hex/Fire       6%         N/A       32%         3

Your spell library contained the following spells:

 Spells                   Type           Power      Damage    Failure   Level
 Scorch                   Fire           22%        2d6       9%          2
 Conjure Flame            Conj/Fire      12%        6-21      14%         3
 Animate Skeleton         Necr           4%         N/A       21%         1
 Pain                     Necr           8%         1d4       21%         1
 Sting                    Tmut/Pois      8%         1d3       21%         1
 Poisonous Vapours        Pois/Air       4%         N/A       30%         2
 Flame Wave               Conj/Fire      12%        3d4       43%         4
 Vampiric Draining        Necr           1%         2d6       52%         3
 Olgreb's Toxic Radiance  Pois           2%         N/A       89%         4


Dungeon Overview and Level Annotations

Branches:
Dungeon (6/15)
 Temple: D:4-7

Altars:
Kikubaaqudgha

Annotations:
D:4 Grinder
D:5 1 runed translucent door, Crazy Yiuf


Innate Abilities, Weirdness & Mutations

You are mostly covered in sharp spines.
Your touch may inflict minor irresistible damage on your foes.


Message History

p - a silvery potion
q - a scroll labelled XYTUPNUSUE You see here a +0 plate armour.
Found a stone staircase leading down.
You fall into a shaft and drop 3 floors!
The shaft crumbles and collapses.
A centaur comes into view.
Found 7 gold pieces.
The centaur shouts!
You hear an angry buzzing noise.
A killer bee comes into view.
The centaur wields a +0 shortbow.
The centaur shoots an arrow.
The arrow hits you!
You hear an angry buzzing noise. x3
You aren't carrying any items that you can evoke.
Okay, then.
You feel drained.
You fail to use your ability.
The centaur shoots an arrow.
The arrow closely misses you.
You feel drained.
You fail to use your ability.
The centaur shoots an arrow.
The arrow hits you!
The centaur shoots an arrow.
The arrow hits you!
A killer bee comes into view.
You feel drained.
You fail to use your ability.
The centaur shoots an arrow.
The arrow hits you!
A killer bee comes into view.
You feel drained.
You fail to use your ability.
The killer bee barely misses you. The killer bee closely misses you.
A killer bee comes into view.
The centaur unwields a +0 shortbow.
The centaur is struck by your spines. The centaur hits you.
The centaur barely misses you.
It was a potion of degeneration.
There was something very wrong with that liquid.
You feel weakened.
You feel dopey.
You feel clumsy.
The killer bee buzzes angrily. x2
The killer bee stings you!
* * * LOW HITPOINT WARNING * * *
The killer bee stings you.
* * * LOW HITPOINT WARNING * * *
The centaur is struck by your spines. The centaur hits you.
* * * LOW HITPOINT WARNING * * *
The centaur kicks you.
You die...

.........#
.........####
............ .
......... .. . #
.......##...
..#. #..........
.....#..c....y..
........@yy.....
....#..........
. ##..##.....
#..# y... ....
... .....$ ..
#...### # ♣...♣
..#..


You could see a centaur and 4 killer bees.

Vanquished Creatures
  An ice beast (D:5)
  A sky beast (D:5)
  An ogre (D:5)
  A wyvern skeleton (D:6)
  A bullfrog zombie (D:5)
  A jelly (D:4)
  A centaur zombie (D:5)
  An orc priest (D:5)
  An iguana (D:5)
  An orc wizard (D:5)
  4 adders
  A shadow imp (D:6)
  4 worms
  2 dart slugs
  4 orcs (D:5)
  3 endoplasms
  A giant cockroach (D:4)
  4 goblins
  5 hobgoblins
  3 quokkas
  6 ball pythons
  4 bats
  5 frilled lizards
  4 kobolds
  2 rats (D:1)
62 creatures vanquished.

Vanquished Creatures (collateral kills)
  6 foxfires (D:1)
6 creatures vanquished.

Vanquished Creatures (others)
  220 foxfires
220 creatures vanquished.

Grand Total: 288 creatures vanquished

Notes
Turn   | Place    | Note
-------+----------+-------------------------------------------
     0 | D:1      | frimble the Demonspawn Fire Elementalist began the quest
                  | for the Orb.
     0 | D:1      | Reached XP level 1. HP: 13/13 MP: 3/3
   983 | D:1      | Gained mutation: Your touch may inflict minor irresistible
                  | damage on your foes. [demonic ancestry]
   983 | D:1      | Reached XP level 2. HP: 19/19 MP: 0/5
  1774 | D:1      | Found a faded altar of an unknown god.
  2998 | D:3      | Reached XP level 3. HP: 22/24 MP: 6/6
  4259 | D:3      | Reached XP level 4. HP: 24/30 MP: 7/7
  4705 | D:4      | Found an ancient bone altar of Kikubaaqudgha.
  4809 | D:4      | Reached skill level 1 in Evocations
  4888 | D:4      | Noticed Grinder
  4910 | D:5      | Entered Level 5 of the Dungeon
  4929 | D:5      | Noticed a sky beast
  4965 | D:5      | Killed a sky beast
  4966 | D:5      | Gained mutation: You are partially covered in sharp spines.
                  | [demonic ancestry]
  4966 | D:5      | Reached XP level 5. HP: 13/35 MP: 1/9
  5259 | D:5      | Noticed an ogre
  5265 | D:5      | Killed an ogre
  5266 | D:5      | Reached XP level 6. HP: 44/44 MP: 3/10
  5462 | D:5      | Noticed an ice beast
  5480 | D:5      | Killed an ice beast
  5481 | D:5      | Gained mutation: You are mostly covered in sharp spines.
                  | [demonic ancestry]
  5481 | D:5      | Reached XP level 7. HP: 26/54 MP: 1/11
  5648 | D:5      | Found a runed translucent door.
  5649 | D:5      | Noticed Crazy Yiuf
  5841 | D:6      | Learned a level 3 spell: Inner Flame
  6188 | D:6      | You fall into a shaft and drop 3 floors!
  6194 | D:9      | HP: 1/39 [centaur (5)]
  6194 | D:9      | Slain by a centaur

Illustrated notes

Levels and vault maps discovered:
D:1:      scummos_arrival_star, layout_basic,
          shapermc_ecumenical_altar_mp_ritualfount
D:2:      layout_loops_ring
D:3:      layout_loops_ring, kennysheep_nub, minmay_crystal_room
D:4:      layout_basic, kiku_gazebo_pond_becter, st_stairs_10,
          minmay_tree_intersection, grunt_ministairs_10, uniq_grinder
D:5:      layout_basic, mainiacjoe_overflow_cross_hatched, serial_shops, shop,
          solitary_fountain, nrook_pool_corridor, uniq_crazy_yiuf_cottage
D:6:      layout_rooms
D:9:      nzn_winding_woodlands_medium [nzn_winding_woodlands_5x5_three,
          nzn_winding_woodlands_5x15_crooked,
          nzn_winding_woodlands_5x5_closed_star,
          nzn_winding_woodlands_5x5_perimeter,
          nzn_winding_woodlands_center_triple_pond,
          nzn_winding_woodlands_hourglass, nzn_winding_woodlands_5x5_open_star,
          nzn_winding_woodlands_5x15_twine, nzn_winding_woodlands_5x5_default],
          layout_cave_pools, serial_undead, serial_undead_a, serial_undead_a,
          serial_undead_e, serial_undead_e, uniq_grum

Skill      XL: |  1  2  3  4  5  6 |
---------------+-------------------+-----
Fire Magic     | 3 |  3.0
Conjurations   | 2 3 4 |  4.0
Evocations     | 2 |  2.7
Spellcasting   | 3 |  3.0
Fighting       | 2 4 |  4.9
Dodging        | |  1.7
Stealth        | |  1.7

Action                   |  1- 3 |  4- 6 |  7- 9 || total
-------------------------+-------+-------+-------++-------
Melee: Unarmed           |    84 |     1 |       ||    85
       Touch             |    12 |     3 |       ||    15
       Dagger            |       |    33 |     3 ||    36
 Cast: Foxfire           |    76 |    44 |    17 ||   137
 Abil: Evoke Invisibilit |       |     1 |       ||     1
  Use: Scroll            |       |     4 |       ||     4
       Potion            |       |     1 |     1 ||     2
 Stab: Sleeping          |     3 |     1 |       ||     4
Armor: Robe              |    26 |     6 |       ||    32
Dodge: Dodged            |    61 |    15 |     6 ||    82

Table legend: (Time is in decaauts)
 A = Elapsed time spent in this place.
 B = Non-inter-level travel time spent in this place.
 C = Inter-level travel time spent in this place.
 D = Time resting spent in this place.
 E = Time spent auto-exploring this place.
 F = Levels seen in this place.
 G = Mean time per level.
                   A        B        C        D        E       F      G
               +--------+--------+--------+--------+--------+-----+--------+
         Total |   6199 |   6097 |    102 |      0 |   5317 |   7 |  885.6 |
       Dungeon |   6199 |   6097 |    102 |      0 |   5317 |   7 |  885.6 |
               +--------+--------+--------+--------+--------+-----+--------+

Top non-repeatable levels by time:
     D:1: 1994 daAuts
     D:2: 1437 daAuts
     D:3: 1074 daAuts
     D:5: 779 daAuts
     D:6: 497 daAuts
     D:4: 409 daAuts
     D:9: 5 daAuts
